Map: New Repugnancy LE

Players

Elazer

  • Race: Zerg Zerg
  • Spawn Location: 7:00

Lambo - Winner!

  • Race: Zerg Zerg
  • League: Master
  • Spawn Location: 1:00

Event: 2019 WCS Winter Europe

VOD

Have the link to the VOD?

Description

Time

  • Played on: March 24, 2019, 9:25 a.m.
  • Length: 7:45

All games in this series

Show
View Real Time Build Order
Export as new Build Order

Elazer Zerg 

Build Orders: Hatch First 

Get SALT Encoding   

  12  0:00  Drone  
  13  0:12  Overlord  
  13  0:16  Drone  
  14  0:30  Drone x2  
  16  0:48  Hatchery  
  15  0:51  Drone  
  15  0:54  Drone  
  17  0:57  Drone  
  18  1:08  Extractor  
  17  1:13  Spawning Pool  
  17  1:16  Drone  
  17  1:19  Drone  
  18  1:27  Drone  
  19  1:38  Drone  
  20  1:49  Drone  
  21  1:59  Overlord  
  21  2:00  Queen x2  
  25  2:01  Drone  
  26  2:09  Metabolic Boost  
  26  2:11  Drone  
  26  2:12  Zergling x2  
  28  2:21  Drone  
  28  2:22  Drone  
  30  2:31  Drone  
  30  2:32  Drone  
  32  2:40  Hatchery  
  32  2:43  Zergling x4  
  33  2:50  Baneling Nest  
  32  2:53  Overlord  
  32  2:54  Zergling x2  
  33  3:05  Zergling x2  
  34  3:08  Zergling x2  
  34  3:09  Drone  
  36  3:13  Drone x2  
  36  3:14  Drone  
  39  3:20  Drone x2  
  39  3:21  Overlord  
  39  3:27  Zergling x2  
  42  3:34  Zergling x4  
  42  3:39  Queen  
  42  3:40  Zergling x2  
  47  3:45  Zergling x10  
  47  3:47  Baneling  
  51  3:51  Queen  
  52  3:59  Zergling x8  
  50  4:06  Drone x2  
  51  4:20  Hatchery  
  51  4:23  Overlord  
  50  4:25  Baneling x2  
  50  4:26  Zergling x2  
  51  4:34  Overlord  
  51  4:51  Zergling x16  
  51  4:52  Baneling x2  
  59  4:55  Zergling x2  
  60  5:03  Zergling x4  
  60  5:05  Baneling x8  
  60  5:07  Zergling x6  
  64  5:15  Zergling x2  
  60  5:35  Zergling x16  
  61  5:36  Baneling x3  
  61  5:40  Zergling x4  
  59  5:43  Baneling  
  59  5:54  Zergling x8  
  61  6:02  Drone x2  
  59  6:06  Drone  
  59  6:09  Drone x6  
  59  6:10  Roach Warren  
  65  6:12  Drone  
  65  6:14  Extractor, Drone  
  65  6:16  Drone  
  65  6:18  Lair, Evolution Chamber  
  67  6:20  Extractor  
  67  6:21  Drone x4  
  69  6:31  Overlord, Drone x2  
  70  6:36  Overlord  
  70  6:37  Drone x3  
  73  6:42  Overlord  
  73  6:47  Overlord  
  73  6:50  Extractor  
  73  6:53  Drone x7  
  79  7:03  Overlord  
  79  7:04  Roach x3  
  79  7:11  Roach x5  
  79  7:12  Roach x2  
  79  7:13  Spine Crawler  
  85  7:16  Roach x2  
  85  7:18  Roach  
  85  7:21  Roach  
  85  7:22  Roach  
Show
View Real Time Build Order
Export as new Build Order

Lambo Zerg - Winner!

Build Orders: Hatch First 

Get SALT Encoding   

  12  0:01  Drone  
  13  0:12  Overlord  
  13  0:17  Drone  
  14  0:32  Drone x2  
  16  0:48  Hatchery  
  15  0:52  Drone  
  15  0:55  Drone  
  17  0:59  Drone  
  17  1:01  Extractor  
  17  1:14  Spawning Pool  
  17  1:18  Drone  
  17  1:21  Drone  
  18  1:28  Drone  
  19  1:39  Drone  
  20  1:51  Drone  
  21  2:00  Queen  
  21  2:01  Queen  
  25  2:02  Metabolic Boost  
  25  2:04  Drone  
  25  2:08  Overlord  
  26  2:13  Zergling x2  
  26  2:14  Zergling x2  
  28  2:26  Drone  
  28  2:27  Zergling x2  
  30  2:36  Drone  
  31  2:41  Hatchery  
  31  2:43  Drone  
  31  2:46  Zergling x4  
  33  2:53  Overlord  
  33  2:55  Zergling x2  
  34  3:08  Zergling x4  
  34  3:12  Zergling x8  
  40  3:18  Overlord  
  40  3:19  Drone  
  41  3:20  Drone  
  41  3:23  Baneling Nest  
  41  3:28  Drone  
  41  3:31  Drone  
  43  3:35  Drone  
  44  3:42  Zergling x2  
  45  3:50  Overlord, Drone x4  
  45  3:51  Queen  
  45  3:52  Zergling x2  
  51  3:58  Drone x3  
  51  3:59  Drone  
  50  4:04  Zergling x2  
  49  4:11  Baneling x2  
  49  4:14  Drone x2  
  49  4:16  Baneling x2  
  51  4:18  Evolution Chamber  
  51  4:20  Drone x3  
  51  4:21  Drone  
  51  4:23  Drone x3  
  57  4:26  Extractor  
  57  4:27  Extractor, Drone  
  57  4:28  Drone  
  57  4:30  Overlord  
  57  4:39  Zergling x6  
  57  4:44  Drone  
  60  4:46  Zerg Missile Weapons Level 1  
  60  4:50  Roach Warren, Zergling x6  
  61  4:54  Spine Crawler  
  61  4:58  Baneling  
  60  5:00  Spine Crawler  
  60  5:03  Baneling  
  58  5:08  Baneling x2  
  58  5:14  Zergling x18  
  58  5:33  Baneling x3  
  58  5:35  Roach x4, Zergling x10  
  66  5:37  Zergling x2  
  59  5:44  Baneling x3  
  59  5:45  Roach  
  59  5:47  Roach, Zergling x2  
  64  5:50  Queen  
  64  5:56  Roach  
  67  6:01  Roach  
  67  6:02  Roach  
  68  6:04  Queen  
  68  6:10  Queen  
  72  6:15  Overlord  
  72  6:17  Roach  
  74  6:19  Overlord  
  74  6:30  Overlord  
  74  6:33  Overlord  
  74  6:35  Roach x4  
  74  6:38  Roach  
  83  6:40  Baneling x2  
  83  6:48  Roach x2  
  83  6:49  Roach  
  83  6:52  Roach  
  91  6:55  Roach  
  93  7:04  Roach, Zergling x2  
  93  7:05  Zergling x4  
  94  7:11  Roach x2, Zergling x2  
  94  7:14  Roach  
  100  7:18  Baneling x5  
  100  7:19  Zergling x12  
  105  7:33  Ravager  
Tags
 
Add a new tag
Caveats
  • Supply blocks, unpowered buildings, or Contaminate may cause inaccurate times.
  • Supply counts are checked every 10 seconds.